 Dungeon Crawl Stone Soup version 0.21.1-1-g345015f (webtiles) character file.

1911 tognito the Cleaver (level 8, -4/96 HPs)
             Began as a Minotaur Berserker on Mar 10, 2018.
             Was a Priest of Trog.
             Slain by an orc warrior
             ... wielding a +0 war axe
              (11 damage)
             ... on level 6 of the Dungeon.
             The game lasted 00:08:19 (5387 turns).

tognito the Cleaver (Minotaur Berserker)            Turns: 5387, Time: 00:08:21

Health: -4/96      AC:  7    Str: 29    XL:     8   Next: 95%
Magic:  7/7        EV: 11    Int:  4    God:    Trog [***...]
Gold:   263        SH:  0    Dex: 10    Spells: 7/7 levels left

rFire    . . .     SeeInvis .   a - +0 war axe
rCold    . . .     Gourm    .   (no shield)
rNeg     . . .     Faith    .   g - +0 scale mail
rPois    .         Spirit   .   (helmet unavailable)
rElec    .         Reflect  .   (no cloak)
rCorr    .         Harm     .   o - +0 pair of gloves
MR       .....     Clarity  +   (no boots)
Stlth    ..........             (no amulet)
HPRegen  0.26/turn              (no ring)
MPRegen  0.10/turn              (no ring)

@: berserking, drained, very quick
A: retaliatory headbutt, horns 3, clarity
a: Berserk, Trog's Hand, Burn Spellbooks, Renounce Religion


You were on level 6 of the Dungeon.
You worshipped Trog.
Trog was most pleased with you.
You were very hungry.

You visited 1 branch of the dungeon, and saw 6 of its levels.

You collected 263 gold pieces.

Inventory:

Hand Weapons
 a - a +0 war axe (weapon)
Missiles
 h - 18 arrows
Armour
 g - a +0 scale mail (worn)
 o - a +0 pair of gloves (worn)
Wands
 p - a wand of disintegration (10)
Scrolls
 d - 5 scrolls of identify {unknown}
 e - a scroll of blinking {unknown}
 f - a scroll of random uselessness {unknown}
 i - 3 scrolls of magic mapping {unknown}
 j - 2 scrolls of amnesia {unknown}
 k - 2 scrolls of immolation {unknown}
 l - a scroll of remove curse {unknown}
 m - 3 scrolls of fog {unknown}
 n - 3 scrolls of teleportation {unknown}
Comestibles
 c - 9 rations


   Skills:
 - Level 3.6(3.5) Fighting
 + Level 13.7(13.6) Axes
 - Level 2.4(2.3) Armour
 - Level 2.1 Dodging


You had 7 spell levels left.
You didn't know any spells.

Dungeon Overview and Level Annotations

Branches:
Dungeon (6/15)
 Temple: D:4-7

Altars:
Dithmenos
Elyvilon
Okawaru
Ru
Sif Muna
Vehumet
Wu Jian
Zin

Shops:
D:4 }


Innate Abilities, Weirdness & Mutations

You reflexively headbutt those who attack you in melee.
You have a pair of large horns on your head.
You possess an exceptional clarity of mind.


Message History

Items here: ))) [[ a battleaxe of freezing; a robe; a falchion; a robe; a falchion You barely miss the orc.
Your headbutt misses the orc. You barely miss the bullfrog.
You slice the orc warrior!! You slash the orc wizard!
The bullfrog barely misses you. You furiously retaliate!
You headbutt the bullfrog!
You feel the power of Trog in you as your rage grows.
You kill the bullfrog!
Trog accepts your kill. The orc wizard casts a spell at you.
The magic dart hits you!
* * * LOW HITPOINT WARNING * * *
You closely miss the orc wizard.
The orc wizard is almost dead.
You slash the orc!
You kill the orc!
Trog accepts your kill.
You slash the orc warrior!
The orc warrior hits you with a war axe!
You die...

..................
.......#...............#
.......#..§§...#......÷#
...?.....##§§..###.....#
........ ##...####....#
....... ##§§.§.###.....
.......###§§.§§§§##....#
.......)#.§..§§§.§#....#
..o...)@)....§§§§.......
......oo§§§$._..§.......
.......§§§§§§.§.§.§[.
.....####§§§§.§§§§#
..... ##§§§§§.. ....
##§§§§.## ... §## ... #


You could see an orc warrior, an orc wizard and an orc.

Vanquished Creatures
  The ghost of Cadaver the Slasher, a novice HuWr of Okawaru (D:4)
  Grinder (D:4)
  2 ice beasts (D:5)
  3 sky beasts (D:5)
  An ogre (D:5)
  A centaur (D:6)
  2 bullfrogs (D:6)
  A scorpion (D:4)
  3 wights (D:6)
  2 crimson imps (D:5)
  A hound (D:4)
  4 orc wizards
  A bullfrog skeleton (D:4)
  2 worker ants
  A hound skeleton (D:5)
  12 adders
  2 oozes
  2 worms (D:2)
  5 dart slugs
  3 leopard geckos
  11 orcs
  8 giant cockroaches
  8 goblins
  8 hobgoblins
  2 jackals
  2 quokkas
  A ball python (D:1)
  A ball python skeleton (D:3)
  4 bats
  4 frilled lizards
  5 kobolds
  3 rats
107 creatures vanquished.

Notes
Turn   | Place    | Note
-------+----------+-------------------------------------------
     0 | D:1      | tognito the Minotaur Berserker began the quest for the Orb.
     0 | D:1      | Reached XP level 1. HP: 19/19 MP: 0/0
    74 | D:1      | Reached skill level 4 in Axes
   160 | D:1      | Reached XP level 2. HP: 20/26 MP: 1/1
   642 | D:2      | Reached ** piety under Trog
   642 | D:2      | Reached skill level 5 in Axes
   659 | D:2      | Found a deep blue altar of Sif Muna.
   688 | D:2      | Reached XP level 3. HP: 6/31 MP: 2/2
   697 | D:2      | Gained mutation: You possess an exceptional clarity of mind. [potion of mutation]
   697 | D:2      | Gained mutation: You have a pair of large horns on your head. [potion of mutation]
   949 | D:2      | Found an iron altar of Okawaru.
  1121 | D:2      | Reached skill level 6 in Axes
  1121 | D:2      | Reached XP level 4. HP: 28/39 MP: 3/3
  2032 | D:3      | Found a sacrificial altar of Ru.
  2088 | D:3      | Reached skill level 7 in Axes
  2088 | D:3      | Reached XP level 5. HP: 37/45 MP: 4/4
  2665 | D:4      | Reached skill level 8 in Axes
  2671 | D:4      | Reached XP level 6. HP: 16/51 MP: 5/5
  2700 | D:4      | Found an ornate altar of the Wu Jian Council.
  2808 | D:4      | Noticed Cadaver's ghost (novice HuWr)
  2823 | D:4      | Killed Cadaver's ghost
  2823 | D:4      | Reached skill level 9 in Axes
  2823 | D:4      | Reached XP level 7. HP: 20/57 MP: 6/6
  3080 | D:4      | Found a white marble altar of Elyvilon.
  3172 | D:4      | Noticed Grinder
  3172 | D:4      | Paralysed by Grinder for 7 turns
  3187 | D:4      | Killed Grinder
  3187 | D:4      | Reached skill level 10 in Axes
  3448 | D:4      | Found a glowing silver altar of Zin.
  3603 | D:4      | Found Ateuwet's Gadget Shop.
  4309 | D:5      | Entered Level 5 of the Dungeon
  4320 | D:5      | Reached skill level 11 in Axes
  4363 | D:5      | Found a radiant altar of Vehumet.
  4378 | D:5      | Reached *** piety under Trog
  4378 | D:5      | Reached XP level 8. HP: 11/64 MP: 7/7
  4648 | D:5      | Reached skill level 12 in Axes
  4964 | D:5      | Reached skill level 13 in Axes
  5364 | D:6      | Found a shadowy altar of Dithmenos.
  5387 | D:6      | Slain by an orc warrior

Skill      XL: |  1  2  3  4  5  6  7  8 |
---------------+-------------------------+-----
Axes           | 4 5 6 7 8 9 11 13 | 13.7
Fighting       | |  3.6
Armour         | |  2.4
Dodging        | |  2.1

Action                   |  1- 3 |  4- 6 |  7- 9 || total
-------------------------+-------+-------+-------++-------
Melee: Hand axe          |    65 |   110 |   110 ||   285
       Headbutt          |     8 |    14 |    19 ||    41
       War axe           |       |       |    18 ||    18
Invok: Trog's Hand       |     1 |     1 |       ||     2
       Berserk           |       |     1 |     1 ||     2
  Use: Potion            |     5 |     3 |     2 ||    10
  Eat: Chunk             |     1 |     6 |     5 ||    12
       Ration            |       |       |     1 ||     1
Armor: Animal skin       |    10 |    11 |     2 ||    23
       Scale mail        |       |       |    34 ||    34
Dodge: Dodged            |    38 |    53 |    53 ||   144
